 Dungeon Crawl Stone Soup version 0.31.0-12-g77e489cdc1 (webtiles) character file.

Game seed: 18029226444300852703

258 jagang the Slasher (level 6, -1/48 HPs)
             Began as a Human Monk on Feb 21, 2024.
             Slain by a water moccasin (3 damage)
             ... on level 5 of the Dungeon.
             The game lasted 00:05:50 (2860 turns).

jagang the Slasher (Human Monk)                     Turns: 2860, Time: 00:05:52

Health: -1/48      AC: 15    Str: 12    XL:     6   Next: 16%
Magic:  6/6        EV: 10    Int: 10    God:
Gold:   131        SH:  8    Dex: 17    Spells: 5/5 levels left

rFire   + . .        h - +0 long sword
rCold   . . .        q - +0 kite shield
rNeg    . . .        u - +0 chain mail
rPois   .            m - +1 helmet
rElec   .            l - +0 cloak
rCorr   .            s - +2 pair of gloves
SInv    .            (no boots)
Will    +....        (no amulet) Stlth
                     t - ring of protection from fire
HPRegen 0.28/turn    v - +5 ring of evasion
MPRegen 0.10/turn

%: no passive effects
@: lethally poisoned (-1 -> -11), enlightened, flying
A: explore regen
a: no special abilities


You were on level 5 of the Dungeon.
You visited 1 branch of the dungeon, and saw 5 of its levels.

You collected 131 gold pieces.

Inventory:

Hand Weapons
 h - a +0 long sword (weapon)
Missiles
 e - 9 poisoned darts (quivered)
Armour
 d - an orb of light
 l - a +0 cloak (worn)
 m - a +1 helmet (worn)
 q - a +0 kite shield (worn)
 s - a +2 pair of gloves (worn)
 u - a +0 chain mail (worn)
Jewellery
 t - a ring of protection from fire (left hand)
 v - a +5 ring of evasion (right hand)
Scrolls
 a - a scroll of torment {unknown}
 b - 2 scrolls of immolation {unknown}
 f - 3 scrolls of identify {unknown}
 g - a scroll of enchant weapon {unknown}
 i - a scroll of enchant armour {unknown}
 k - a scroll of teleportation {unknown}
 o - a scroll of poison {unknown}
 p - 4 scrolls of amnesia {unknown}
Potions
 c - a potion of ambrosia
 w - a potion of lignification {unknown}


   Skills:
 + Level 4.1 Fighting
 * Level 4.9 Long Blades
 + Level 2.5 Armour
 - Level 3.0 Dodging
 + Level 1.5 Shields


You had 5 spell levels left.
You didn't know any spells.
Your spell library contained the following spells:

 Spells                   Type           Power      Damage    Failure   Level
 Apportation              Tloc           0%         N/A       100%        1
 Jinxbite                 Hex            0%         N/A       100%        2
 Gell's Gravitas          Tloc           0%         N/A       100%        3
 Teleport Other           Tloc           0%         N/A       100%        3
 Alistair's Intoxication  Alch           0%         N/A       100%        5
 Dispersal                Tloc           0%         N/A       100%        6


Dungeon Overview and Level Annotations

Branches:
Dungeon (5/15)
 Temple: D:4-7

Altars:
Gozag
Ru


Innate Abilities, Weirdness & Mutations

You regain HP and MP as you explore.


Message History

You barely miss the water moccasin.
The water moccasin is severely wounded.
You feel very sick. The water moccasin bites you.
The water moccasin bites you but does no damage.
The iguana barely misses you.
You barely miss the water moccasin.
The water moccasin is severely wounded.
You feel very sick. The water moccasin barely misses you. The iguana bites you!
An iguana comes into view.
You block the water moccasin's attack.
You barely miss the water moccasin.
The water moccasin is severely wounded.
You feel very sick.
The iguana hisses angrily.
The water moccasin bites you.
You are lethally poisoned!
The water moccasin poisons you! The iguana barely misses you.
The water moccasin bites you but does no damage.
The iguana bites you!
* * * LOW HITPOINT WARNING * * *
It was a potion of cancellation.
You feel magically purged.
* * * LOW HITPOINT WARNING * * *
You feel very sick. The water moccasin closely misses you.
You block the iguana's attack.
It was a potion of curing.
You feel better.
The water moccasin bites you but does no damage.
The water moccasin bites you.
* * * LOW HITPOINT WARNING * * *
You are lethally poisoned!
The water moccasin poisons you!
The iguana bites you but does no damage.
It was a potion of enlightenment.
You feel very buoyant.
You fly up into the air.
* * * LOW HITPOINT WARNING * * *
You feel very sick. The water moccasin bites you.
You die...

#..#.#
~...~.⌠~(.~..~~#..#.#
~~..~..~..~..~~#..#.#
~~~..~..~~...~##..#.####
#.~..~..(.!..###(......#
#..~l........##......#.#
#......(.....##......#.#
......lS...[..#......#..
#.@#######......###
#######..............#
........<##..........###
.........##..##.......#<
.............##.......##
.............########.#
.............# ...
..........#..# ..
..........#..#


You could see a water moccasin and 2 iguanas.

Vanquished Creatures
  A scorpion (D:4)
  A bombardier beetle (D:4)
  Crazy Yiuf (D:2)
  A sleepcap (D:4)
  3 adders
  3 dart slugs
  3 orcs
  4 endoplasms
  2 giant cockroaches (D:4)
  12 goblins
  8 hobgoblins
  9 jackals
  3 kobolds
  4 quokkas
  8 ball pythons
  6 bats
  2 frilled lizards (D:1)
  4 rats (D:1)
75 creatures vanquished.

Notes
Turn   | Place    | Note
-------+----------+-------------------------------------------
     0 | D:1      | jagang the Human Monk began the quest for the Orb.
     0 | D:1      | Reached XP level 1. HP: 18/18 MP: 1/1
   163 | D:1      | Reached XP level 2. HP: 24/24 MP: 2/2
   362 | D:1      | Reached skill level 1 in Armour
   430 | D:1      | Reached XP level 3. HP: 29/29 MP: 3/3
   926 | D:2      | Found a runed translucent door.
   927 | D:2      | Noticed Crazy Yiuf
   935 | D:2      | Killed Crazy Yiuf
   936 | D:2      | Reached XP level 4. HP: 20/35 MP: 1/4
  1721 | D:3      | Found a faded altar of an unknown god.
  2182 | D:3      | Found a sacrificial altar of Ru.
  2297 | D:4      | Found an opulent altar of Gozag.
  2305 | D:4      | Reached XP level 5. HP: 38/42 MP: 5/5
  2374 | D:4      | Reached skill level 1 in Shields
  2620 | D:4      | Reached XP level 6. HP: 48/48 MP: 6/6
  2814 | D:5      | Entered Level 5 of the Dungeon
  2847 | D:5      | Noticed a water moccasin
  2860 | D:5      | HP: 2/48 [poisoned by a water moccasin]
  2860 | D:5      | Slain by a water moccasin

Illustrated notes

Levels and vault maps discovered:
D:1:      dreamdust_arrival_sigmund_warning, layout_basic
D:2:      layout_basic, uniq_crazy_yiuf_cottage
D:3:      layout_basic, lemuel_crystal_altar,
          shapermc_ecumenical_altar_notcrosses
D:4:      layout_basic, lemuel_crystal_altar
D:5:      cheibrodos_helix_gallery, layout_basic,
          lemuel_mausoleum_altar_yredelemnul, serial_shops,
          nicolae_shop_rolled_up, nicolae_shop_statue_plus, shop

Skill      XL: |  1  2  3  4  5 |
---------------+----------------+-----
Armour         | 1 2 |  2.5
Long Blades    | 4 |  4.9
Shields        | 1 |  1.5
Fighting       | 4 |  4.1
Dodging        | |  3.0

Action                     |  1- 3 |  4- 6 || total
---------------------------+-------+-------++-------
  Melee: Falchion          |    68 |   120 ||   188
         Long sword        |       |    33 ||    33
  Throw: Dart              |       |     3 ||     3
    Use: Potion            |       |     3 ||     3
 Armour: Robe              |    11 |       ||    11
         Scale mail        |    24 |    51 ||    75
         Chain mail        |       |    65 ||    65
  Dodge: Dodged            |    37 |    49 ||    86
  Block: Kite shield       |       |    38 ||    38
